 Dungeon Crawl Stone Soup version 0.30-a0-445-g92f4fb2 (webtiles) character file.

Game seed: 17865121412915369706

136 Ultraviolent4 the Sneak (level 5, -5/35 HPs)
             Began as an Octopode Brigand on Dec 11, 2022.
             Was an Initiate of Cheibriados.
             Slain by Grinder (9 damage)
             ... while paralysed by Grinder
             ... on level 3 of the Dungeon.
             The game lasted 00:13:57 (1396 turns).

Ultraviolent4 the Sneak (Octopode Brigand)          Turns: 1396, Time: 00:13:58

Health: -5/35      AC:  1    Str: 11    XL:     5   Next: 19%
Magic:  5/5        EV:  2    Int: 16    God:    Cheibriados [......]
Gold:   125        SH:  0    Dex: 15    Spells: 2/4 levels left

rFire   . . .      SeeInvis .    a - +2 dagger
rCold   . . .      Faith    +    g - +0 buckler
rNeg    + . .      Spirit   .    (helmet restricted)
rPois   .          Reflect  .    d - amulet of faith {!P}
rElec   .          Harm     .    n - ring of positive energy
rCorr   .          Rampage  .    (no ring)
Will    .....                    (no ring)
Stlth   ++++......               (no ring)
HPRegen 0.25/turn                (no ring)
MPRegen 0.09/turn                (no ring)
                                 (no ring)
                                 (no ring)

@: paralysed, very slow
A: almost no armour, amphibious, 8 rings, camouflage 1, gelatinous body 1,
(nimble swimmer 1), tentacles
a: Renounce Religion


You were on level 3 of the Dungeon.
You worshipped Cheibriados.
Cheibriados was noncommittal.
You visited 1 branch of the dungeon, and saw 3 of its levels.

You collected 125 gold pieces.

Inventory:

Hand Weapons
 a - a +2 dagger (weapon)
Missiles
 b - 8 poisoned darts
 c - 3 curare-tipped darts {!f}
 f - 3 boomerangs (quivered)
 h - 18 stones
Armour
 g - a +0 buckler (worn)
   (You found it on level 1 of the Dungeon)
Jewellery
 d - an amulet of faith (around mantle) {!P}
   (You found it on level 1 of the Dungeon)
 n - a ring of positive energy (left tentacle)
   (You found it on level 2 of the Dungeon)
Scrolls
 i - 2 scrolls of identify {unknown}
 m - a scroll of immolation {unknown}
 q - a scroll of fear {unknown}
Potions
 e - a potion of curing {@q1}
 j - 2 potions of haste {unknown}
 k - a potion of ambrosia {unknown}
 l - a potion of brilliance {unknown}
 o - a potion of lignification {unknown}
 p - a potion of might {unknown}
 r - a potion of heal wounds {unknown}


   Skills:
 + Level 2.6 Fighting
 + Level 3.3 Short Blades
 - Level 2.0 Throwing
 - Level 1.0 Dodging
 + Level 6.4 Stealth
 * Level 2.1 Shields
 + Level 0.0 Invocations


You had 2 spell levels left.
You knew the following spells:

 Your Spells              Type           Power      Damage    Failure   Level
b - Blink                 Tloc           0%         N/A       45%         2

Your spell library contained the following spells:

 Spells                   Type           Power      Damage    Failure   Level
 Sandblast                Erth           0%         2d4       32%         1
 Ensorcelled Hibernation  Hex/Ice        0%         N/A       45%         2
 Passwall                 Tmut/Erth      0%         N/A       45%         2
 Spider Form              Tmut/Pois      0%         N/A       69%         3
 Stone Arrow              Conj/Erth      0%         3d7       69%         3
 Anguish                  Hex/Necr       0%         N/A       97%         4
 Manifold Assault         Tloc           0%         N/A       97%         4
 Storm Form               Tmut/Air       0%         N/A       100%        7


Dungeon Overview and Level Annotations

Branches:
Dungeon (3/15) Zot: 24946

Altars:
Cheibriados

Annotations:
D:3 Grinder


Innate Abilities, Weirdness & Mutations

You cannot wear most types of armour.
You are amphibious.
You can wear up to eight rings at the same time.
Your skin changes colour to match your surroundings (Stealth+).
Your rubbery body absorbs attacks. (AC +1, EV +1)
((You are camouflaged when in or above water. (Stealth+)))
You have tentacles for arms and can constrict up to eight enemies at once.


Message History

Cheibriados thoroughly appreciates the change of pace.
Grinder comes into view.
Found a scroll labelled MARAUN VYISKI.
A frilled lizard comes into view.
The frilled lizard hisses angrily.
You hear a shout!
A hobgoblin comes into view.
You hit the frilled lizard.
You kill the frilled lizard!
Cheibriados appreciates the change of pace.
You closely miss the hobgoblin. Your grab misses the hobgoblin.
The hobgoblin barely misses you.
You hit the hobgoblin but do no damage. You grab the hobgoblin.
Your squeeze misses the hobgoblin. You constrict the hobgoblin.
The hobgoblin hits you.
You hit the hobgoblin but do no damage.
You constrict the hobgoblin, but do no damage.
The hobgoblin closely misses you.
You hit the hobgoblin.
You kill the hobgoblin!
Cheibriados thoroughly appreciates the change of pace.
Things that are here:
a hobgoblin corpse; a frilled lizard corpse Grinder blinks!
Things that are here:
a hobgoblin corpse; a frilled lizard corpse You aren't carrying any items that you can evoke.
Unknown command.
Throw: 3 boomerangs
Aim: Grinder (57% to hit)
You throw a boomerang. The boomerang closely misses Grinder.
You hit Grinder but do no damage. Your grab misses Grinder.
Grinder closely misses you.
You hit Grinder. You grab Grinder. You squeeze Grinder! You constrict Grinder.
You block Grinder's attack.
You hit Grinder. You squeeze Grinder!
You constrict Grinder, but do no damage.
Grinder closely misses you.
You hit Grinder but do no damage. You constrict Grinder.
Grinder gestures at you.
You suddenly lose the ability to move!
You lose your grip on Grinder.
Grinder hits you.
You writhe in agony.
Grinder hits you! Grinder hits you.
You writhe in agony.
* * * LOW HITPOINT WARNING * * *
Grinder hits you!
* * * LOW HITPOINT WARNING * * *
You writhe in agony.
* * * LOW HITPOINT WARNING * * *
Grinder hits you!
You die...

##......##.#..
..........#5# .
.......?...##..
.............#§#
...............#.
#...# #5 ##.##
#.# ##†####.#
#..## #..5@...#
#...#
#...#########.#
#.##§§§≈≈≈≈..##
... #§≈§....≈.#
#.... #.≈§≈≈§.≈.#
####. #.≈≈...§§.#
#. #§≈≈._.≈§.# #.
#§§≈...≈§.#
#.≈.≈≈§§≈.#


You could see Grinder.

Vanquished Creatures
  Natasha (thrice) (D:2)
  2 adders (D:2)
  3 ball pythons
  6 endoplasms
  3 giant cockroaches
  5 goblins
  3 hobgoblins
  4 jackals (D:2)
  3 bats
  5 frilled lizards
  4 kobolds
  2 rats (D:2)
43 creatures vanquished.

Notes
Turn   | Place    | Note
-------+----------+-------------------------------------------
     0 | D:1      | Ultraviolent4 the Octopode Brigand began the quest for the
                  | Orb.
     0 | D:1      | Reached XP level 1. HP: 14/14 MP: 1/1
   355 | D:1      | Reached XP level 2. HP: 12/19 MP: 2/2
   599 | D:2      | Reached skill level 1 in Shields
   643 | D:2      | Noticed Natasha
   660 | D:2      | Noticed a crimson imp
   660 | D:2      | Killed Natasha
   661 | D:2      | Reached XP level 3. HP: 24/24 MP: 3/3
   666 | D:2      | Reached skill level 6 in Stealth
   667 | D:2      | Reached XP level 4. HP: 27/29 MP: 4/4
   671 | D:2      | Learned a level 2 spell: Blink
   673 | D:2      | Noticed Natasha
   739 | D:2      | Killed Natasha
   811 | D:2      | Noticed Natasha
   831 | D:2      | Killed Natasha
   878 | D:2      | Reached XP level 5. HP: 30/35 MP: 5/5
  1318 | D:3      | Found a snail-covered altar of Cheibriados.
  1327 | D:3      | Became a worshipper of Cheibriados the Contemplative
  1347 | D:3      | Noticed Grinder
  1391 | D:3      | Paralysed by Grinder for 5 turns
  1396 | D:3      | Slain by Grinder

Illustrated notes

Levels and vault maps discovered:
D:1:      shiori_arrival_oz, layout_basic
D:2:      layout_rooms, minmay_misc_feat_alley, uniq_natasha
D:3:      layout_loops_corners, mainiacjoe_overflow_paths,
          nicolae_overflow_hidden_temple, shapermc_ecumenical_altar_gd,
          hangedman_abyss_or_decor_lesser_grid, minmay_misc_feat_secret_circle,
          uniq_grinder

Skill      XL: |  1  2  3  4 |
---------------+-------------+-----
Shields        | 1 2 |  2.1
Stealth        | 6 |  6.4
Short Blades   | 3 |  3.3
Fighting       | |  2.6
Throwing       | |  2.0
Dodging        | |  1.0

Action                   |  1- 3 |  4- 6 || total
-------------------------+-------+-------++-------
Melee: Dagger            |    41 |    47 ||    88
       Constrict         |     8 |    10 ||    18
       Tentacles         |     5 |     8 ||    13
Throw: Dart              |     5 |    10 ||    15
       Boomerang         |       |     1 ||     1
 Stab: Sleeping          |     7 |     9 ||    16
Armor: Skin              |     9 |     3 ||    12
Dodge: Dodged            |    27 |    10 ||    37
Block: Buckler           |     7 |     5 ||    12

Table legend: (Time is in decaauts)
 A = Elapsed time spent in this place.
 B = Non-inter-level travel time spent in this place.
 C = Inter-level travel time spent in this place.
 D = Time resting spent in this place.
 E = Time spent auto-exploring this place.
 F = Levels seen in this place.
 G = Mean time per level.
                   A        B        C        D        E       F      G
               +--------+--------+--------+--------+--------+-----+--------+
         Total |   1393 |   1359 |     34 |    113 |    846 |   3 |  464.3 |
       Dungeon |   1393 |   1359 |     34 |    113 |    846 |   3 |  464.3 |
               +--------+--------+--------+--------+--------+-----+--------+

Top non-repeatable levels by time:
     D:2: 734 daAuts
     D:1: 519 daAuts
     D:3: 138 daAuts
